 Dungeon Crawl Stone Soup version 0.31-a0-618-g7ca08c1ff9 (webtiles) character file.

Game seed: 12426960896406908550

501 spiderkeys the Changeling (level 7, -27/75 HPs)
             Began as an Octopode Shapeshifter on Aug 15, 2023.
             Was an Initiate of Gozag.
             Annihilated by an ogre
             ... wielding a +0 giant club
              (29 damage)
             ... on level 4 of the Dungeon on Aug 22, 2023.
             The game lasted 00:06:05 (2330 turns).

spiderkeys the Changeling (Octopode Shapeshifter)   Turns: 2330, Time: 00:06:05

Health: -27/75     AC:  1    Str: 14    XL:     7   Next: 17%
Magic:  7/7        EV: 14    Int: 10    God:    Gozag
Gold:   109        SH:  0    Dex: 15    Spells: 6/6 levels left

rFire   + .          .
                       - Unarmed
rCold   + . .        (no shield)
rNeg    . . .        (helmet currently unavailable)
rPois   +            (no amulet)
rElec   +            (no ring)
rCorr   +            (no ring)
SInv    .            (no ring)
Will    +....        (no ring) Stlth
                     (no ring)
HPRegen 0.32/turn    (no ring)
MPRegen 0.10/turn    (no ring)
                     (no ring)

%: no passive effects
@: brilliant, berserking, beast-form, resistant, gold aura, attractive,
enlightened, flying, very quick
A: beast (slay +2), almost no armour, amphibious, 8 rings, camouflage 1,
gelatinous body 1, (nimble swimmer 1), tentacles, robust 1, wild magic 1
a: Begin Untransformation, Renounce Religion, Potion Petition, Call Merchant,
Bribe Branch


You were on level 4 of the Dungeon.
You worshipped Gozag.
Gozag was aware of your devotion.
You were a hulking beast.
You visited 1 branch of the dungeon, and saw 4 of its levels.

You collected 204 gold pieces.
You spent 51 gold pieces at shops.
You paid 44 gold pieces to Gozag.


Innate Abilities, Weirdness & Mutations

You are a hulking beast.
Your limbs bulge with bestial killing power. (Slay +2)
You cannot wear most types of armour.
You are amphibious.
You can wear up to eight rings at the same time.
Your skin changes colour to match your surroundings (Stealth+).
Your rubbery body absorbs attacks. (AC +1, EV +1)
((You are camouflaged when in or above water. (Stealth+)))
You have tentacles for arms and can constrict up to eight enemies at once.
You are robust. (+10% HP)
Your spells are a little harder to cast, but a little more powerful.


   Skills:
 + Level 3.6 Fighting
 + Level 4.0 Dodging
 + Level 4.6 Unarmed Combat
 + Level 4.7 Shapeshifting


You had 6 spell levels left.
You didn't know any spells.
Your spell library contained the following spells:

 Spells                   Type           Power      Damage    Failure   Level
 Sandblast                Erth           0%         2d4       45%         1
 Passwall                 Tmut/Erth      0%         N/A       58%         2
 Ozocubu's Armour         Ice            0%         N/A       82%         3
 Stone Arrow              Conj/Erth      0%         3d7       82%         3
 Metabolic Englaciation   Hex/Ice        0%         N/A       100%        5
 Simulacrum               Ice/Necr       Unusable   N/A       N/A         6

Inventory:

Missiles
 h - 28 stones
 j - 11 boomerangs
Jewellery
 C - a ring of ice
   (You found it on level 1 of the Dungeon)
 T - an amulet of faith {!P}
   (You found it on level 1 of the Dungeon)
Talismans
 b - a beast talisman (active)
 c - a flux talisman
 f - a maw talisman
   (You found it on level 1 of the Dungeon)
Wands
 l - a wand of charming (11)
   (You found it on level 2 of the Dungeon)
Scrolls
 k - a scroll of poison {!r}
 m - a scroll of teleportation {@r4}
 o - a scroll of fog
 s - a scroll of revelation {unknown}
Potions
 a - 2 potions of lignification {!q}
 e - a potion of curing {@q1}
 n - a potion of ambrosia

Dungeon Overview and Level Annotations

Branches:
Dungeon (4/15) Zot: 21679
 Temple: D:4-7

Altars:
Dithmenos
Gozag
Nemelex Xobeh
Ru
Xom

Shops:
D:3 [   D:4 *(

Annotations:
D:4 Dowan

#.............#
###...###...#.# ###.#
#.### . #.###.# $.
#.....# ... ###.### ....
#.....# .....
######.....#######......
................hOe#
######...<.#######.#
#.........# ..
#########.# .# #


You could see an ogre and Dowan (fast).


Message History

* * * LOW HITPOINT WARNING * * *
😨 HP[-5]
You take 5 damage, and now have 21/42 hp.
Unknown command.
You barely miss Duvessa. You grab Duvessa. You constrict Duvessa.
Dowan is no longer distracted by gold.
Duvessa hits you with a +2 short sword of holy wrath!
* * * LOW HITPOINT WARNING * * *
Duvessa closely misses you. 😨 HP[-8]
You take 8 damage, and now have 13/42 hp.
It was a potion of curing.
You feel better.
You constrict Duvessa.
Duvessa is distracted by your dazzling golden aura. 😨 HP[+7]
You regained 7 hp, and now have 20/42 hp.
It was a potion of ambrosia.
You are confused.
You feel invigorated.
You constrict Duvessa, but do no damage. 😮 HP[+3]
You regained 3 hp, and now have 23/42 hp.
It was a potion of enlightenment.
You feel very buoyant.
You fly up into the air.
You constrict Duvessa.
Duvessa is no longer distracted by gold.
Duvessa hits you with a +2 short sword of holy wrath! 😮 HP[-1]
You take 1 damage, and now have 22/42 hp.
You bump into the rock wall.
You constrict Duvessa.
Duvessa hits you with a +2 short sword of holy wrath!
* * * LOW HITPOINT WARNING * * *
The jackal is distracted by your dazzling golden aura.
Dowan casts a spell.
Dowan blinks!
Duvessa says, "Where magic fails, the sword succeeds!"
Duvessa hits you with a +2 short sword of holy wrath.
* * * LOW HITPOINT WARNING * * *
The jackal barks! 😨 HP[-7]
You take 7 damage, and now have 15/42 hp.
You bump into the rock wall.
You constrict Duvessa. Duvessa misses you. 😨 HP[+5]
You regained 5 hp, and now have 20/42 hp.
It was a potion of brilliance.
You feel clever all of a sudden.
You constrict Duvessa, but do no damage.
The jackal is no longer distracted by gold.
Duvessa closely misses you.
Duvessa hits you with a +2 short sword of holy wrath!
* * * LOW HITPOINT WARNING * * *
😨 HP[-6]
You take 6 damage, and now have 14/42 hp.
It was a potion of attraction.
You feel attractive to monsters.
You constrict Duvessa.
Duvessa hits you with a +2 short sword of holy wrath!
* * * LOW HITPOINT WARNING * * *
😱 HP[-9]
You take 9 damage, and now have 5/42 hp.
MASSIVE DAMAGE!! (PAUSE)
You feel better.
You feel less invigorated.
You constrict Duvessa. Duvessa closely misses you.
Duvessa hits you with a +2 short sword of holy wrath.
* * * LOW HITPOINT WARNING * * *
😱 HP[+2]
You regained 2 hp, and now have 7/42 hp.
It was a potion of resistance.
You feel protected.
You constrict Duvessa. Duvessa barely misses you.
It was a potion of mutation.
You feel extremely strange.
You feel less in control of your magic.
You feel robust.
You constrict Duvessa. Duvessa misses you. Duvessa closely misses you. 😱 HP[+1]
You now have 46 max hp (+4).
It was a potion of berserk rage.
A red film seems to cover your vision as you go berserk!
You feel yourself moving faster!
You feel mighty!
You constrict Duvessa.
Duvessa hits you with a +2 short sword of holy wrath!
* * * LOW HITPOINT WARNING * * *
😱 HP[-7]
You now have 69 max hp (+23).
You tentacle-slap Duvessa. You squeeze Duvessa.
You kill Duvessa!
Dowan screams, "No!
Oh no!"
Dowan seems to find hidden reserves of power!
Your Dodging skill increases to level 4!
You have reached level 7! 😱 MP[+1]
You now have 75 max hp (+6).
Your mp is fully restored (7).
You bludgeon the jackal!
You kill the jackal!
Dowan is attracted toward you. 😱 HP[+1]
You bludgeon the jackal!
You kill the jackal!
You tentacle-slap the ogre. Your squeeze misses the ogre.
You bludgeon the ogre! You squeeze the ogre!
The ogre hits you with a +0 giant club!!
You die...
Your body crumbles into a pile of gold.

Skill      XL: |  1  2  3  4  5  6 |
---------------+-------------------+-----
Fighting       | 2 3 |  3.6
Dodging        | 3 4 |  4.0
Shapeshifting  | 4 |  4.7
Unarmed Combat | 4 |  4.6

Action                     |  1- 3 |  4- 6 |  7- 9 || total
---------------------------+-------+-------+-------++-------
  Melee: Unarmed           |    72 |    53 |     4 ||   129
         Constrict         |    18 |    17 |       ||    35
         Tentacles         |    14 |    18 |     1 ||    33
         Punch             |     2 |     2 |       ||     4
  Throw: Boomerang         |       |     1 |       ||     1
    Use: Scroll            |     2 |     3 |       ||     5
         Potion            |       |     9 |       ||     9
   Stab: Sleeping          |     7 |     5 |       ||    12
 Armour: Skin              |     2 |     2 |       ||     4
  Dodge: Dodged            |    38 |    25 |       ||    63

Levels and vault maps discovered:
D:1:      onia_arrival_pyramid, layout_basic, minmay_tetromino_i4
D:2:      layout_loops_ring, shapermc_ecumenical_altar_ellora, uniq_jessica
D:3:      layout_loops_ring, grunt_temple_overflow_opulence,
          mainiacjoe_overflow_concentric_impassable,
          mainiacjoe_overflow_divided_tiny, serial_shops, nicolae_shop_stone,
          minmay_fountain_box, uniq_grinder, uniq_terence,
          uniq_crazy_yiuf_cottage
D:4:      layout_loops_ring, nicolae_vehumet_radiance,
          okawaru_ov_weapons_minmay, serial_shops, shop,
          nicolae_shop_tiny_statue_garden, nicolae_shop_pleasant_corner_grove,
          nicolae_shop_statue_plus, shop, minmay_bisected, uniq_duvessa,
          uniq_robin, uniq_edmund, uniq_natasha

Notes
Turn   | Place    | Note
-------+----------+-------------------------------------------
     0 | D:1      | spiderkeys the Octopode Shapeshifter began the quest for
                  | the Orb.
     0 | D:1      | Reached XP level 1. HP: 13/13 MP: 1/1
     0 | D:1      | magus.rc [v1.11.6]
    98 | D:1      | Reached XP level 2. HP: 17/18 MP: 2/2
   195 | D:1      | You add the spells Sandblast, Passwall and Stone Arrow to
                  | your library.
   262 | D:1      | You add the spells Ozocubu's Armour, Metabolic Englaciation
                  | and Simulacrum to your library.
   288 | D:1      | Reached XP level 3. HP: 21/23 MP: 3/3
   644 | D:2      | Upgraded the game from 0.31-a0-544-gceb718ecc6 to
                  | 0.31-a0-557-g6e16503903
   644 | D:2      | magus.rc [v1.11.6]
   882 | D:2      | Reached skill level 2 in Fighting
   882 | D:2      | Reached XP level 4. HP: 19/29 MP: 4/4
  1147 | D:2      | Found a faded altar of an unknown god.
  1372 | D:2      | Noticed Jessica
  1376 | D:2      | Killed Jessica
  1377 | D:2      | Reached skill level 3 in Dodging
  1377 | D:2      | Reached XP level 5. HP: 32/35 MP: 5/5
  1425 | D:2      | Reached skill level 4 in Shapeshifting
  1425 | D:2      | Upgraded the game from 0.31-a0-557-g6e16503903 to
                  | 0.31-a0-618-g7ca08c1ff9
  1425 | D:2      | magus.rc [v1.11.6]
  1439 | D:3      | Found a shimmering altar of Xom.
  1441 | D:3      | Noticed Terence
  1450 | D:3      | Killed Terence
  1550 | D:3      | Found Ihu Jeaf's Armour Boutique.
  1572 | D:3      | Found a sacrificial altar of Ru.
  1572 | D:3      | Found a shadowy altar of Dithmenos.
  1862 | D:3      | Found a runed translucent door.
  1863 | D:3      | Noticed Crazy Yiuf
  1979 | D:3      | Noticed Grinder
  1980 | D:3      | Paralysed by Grinder for 3 turns
  1988 | D:3      | Killed Grinder
  1989 | D:3      | Reached skill level 3 in Fighting
  1989 | D:3      | Reached skill level 4 in Unarmed Combat
  1989 | D:3      | Reached XP level 6. HP: 35/42 MP: 6/6
  2063 | D:3      | Found a sparkling altar of Nemelex Xobeh.
  2064 | D:3      | Found an opulent altar of Gozag.
  2070 | D:3      | Became a worshipper of Gozag Ym Sagoz the Greedy
  2159 | D:3      | Killed Crazy Yiuf
  2204 | D:4      | Found Plog's Assorted Antiques.
  2211 | D:4      | Bought a scroll labelled ORASMUNOGI for 27 gold pieces
  2211 | D:4      | Bought a fuming silvery potion for 24 gold pieces
  2252 | D:4      | Found Haoczo's Antique Weapon Shoppe.
  2307 | D:4      | Noticed Duvessa
  2307 | D:4      | Noticed Dowan
  2321 | D:4      | HP: 5/42 [Duvessa/+2 short sword of holy wrath (13)]
  2324 | D:4      | Gained mutation: Your spells are a little harder to cast,
                  | but a little more powerful. [potion of mutation]
  2324 | D:4      | Gained mutation: You are robust. (+10% HP) [potion of
                  | mutation]
  2325 | D:4      | HP: 1/69 [Duvessa/+2 short sword of holy wrath (11)]
  2326 | D:4      | Killed Duvessa
  2327 | D:4      | Reached skill level 4 in Dodging
  2327 | D:4      | Reached XP level 7. HP: 1/50 MP: 7/7
  2330 | D:4      | Annihilated by an ogre

Vanquished Creatures
  Grinder (D:3)
  Duvessa (D:4)
  Crazy Yiuf (D:3)
  Jessica (D:2)
  Terence (D:3)
  3 gnolls (D:2)
  2 adders (D:2)
  4 dart slugs
  3 bats
  6 endoplasms
  6 giant cockroaches
  9 goblins
  4 hobgoblins
  8 jackals
  3 quokkas
  4 ball pythons
  A frilled lizard (D:1)
  6 kobolds
  6 rats
70 creatures vanquished.

Table legend:
 A = Non-vault XP
 B = Vault XP
 C = Vault XP percentage of total XP
 D = Non-vault monster count
 E = Vault monster count
 F = Vault count percentage of total count
                 A         B        C        D         E       F
            +---------+---------+-------+---------+---------+-------
      Total |     176 |     540 |  75.4 |      62 |       8 |  11.4
            +---------+---------+-------+---------+---------+-------
        D:1 |      43 |       5 |  10.4 |      24 |       3 |  11.1
        D:2 |     102 |      37 |  26.6 |      22 |       1 |   4.3
        D:3 |      15 |     353 |  95.9 |       9 |       3 |  25.0
        D:4 |      16 |     145 |  90.1 |       7 |       1 |  12.5
            +---------+---------+-------+---------+---------+-------

Skill      XL: |  1  2  3  4  5  6 |
---------------+-------------------+-----
Fighting       | 2 3 |  3.6
Dodging        | 3 4 |  4.0
Shapeshifting  | 4 |  4.7
Unarmed Combat | 4 |  4.6

Action                     |  1- 3 |  4- 6 |  7- 9 || total
---------------------------+-------+-------+-------++-------
  Melee: Unarmed           |    72 |    53 |     4 ||   129
         Constrict         |    18 |    17 |       ||    35
         Tentacles         |    14 |    18 |     1 ||    33
         Punch             |     2 |     2 |       ||     4
  Throw: Boomerang         |       |     1 |       ||     1
    Use: Scroll            |     2 |     3 |       ||     5
         Potion            |       |     9 |       ||     9
   Stab: Sleeping          |     7 |     5 |       ||    12
 Armour: Skin              |     2 |     2 |       ||     4
  Dodge: Dodged            |    38 |    25 |       ||    63

Illustrated notes

Table legend:
 A = Kills in this place as a percentage of kills in the entire game.
 B = Kills by you in this place as a percentage of kills by you in the entire game.
 C = Kills by friends in this place as a percentage of kills by friends in the entire game.
 D = Other kills in this place as a percentage of other kills in the entire game.
 E = Experience gained in this place as a percentage of experience gained in the entire game.
 F = Experience gained in this place divided by the number of levels of this place that you have seen.
                   A       B       C       D       E      F
               +-------+-------+-------+-------+-------+----------------------
         Total | 100.0 | 100.0 |   N/A |   N/A | 100.0 | 179.0
       Dungeon | 100.0 | 100.0 |   N/A |   N/A | 100.0 | 179.0
               +-------+-------+-------+-------+-------+----------------------

Table legend: (Time is in decaauts)
 A = Elapsed time spent in this place.
 B = Non-inter-level travel time spent in this place.
 C = Inter-level travel time spent in this place.
 D = Time resting spent in this place.
 E = Time spent auto-exploring this place.
 F = Levels seen in this place.
 G = Mean time per level.
                   A        B        C        D        E       F      G
               +--------+--------+--------+--------+--------+-----+--------+
         Total |   2319 |   2255 |     64 |      8 |   1793 |   4 |  579.8 |
       Dungeon |   2319 |   2255 |     64 |      8 |   1793 |   4 |  579.8 |
               +--------+--------+--------+--------+--------+-----+--------+

Top non-repeatable levels by time:
     D:2: 828 daAuts
     D:3: 766 daAuts
     D:1: 600 daAuts
     D:4: 124 daAuts
